 Dungeon Crawl Stone Soup version 0.29.0-4-gdea44cf6ec (webtiles) character file.

Game seed: 12134687973225550180

404 qw the Chopper (level 6, -2/37 HPs)
             Began as a Tengu Warper on Aug 28, 2022.
             Slain by Pikel
             ... wielding a +2 whip of freezing
              (12 damage)
             ... on level 4 of the Dungeon.
             The game lasted 00:00:28 (3878 turns).

qw the Chopper (Tengu Warper)                       Turns: 3878, Time: 00:00:28

Health: -2/37      AC:  6    Str: 13    XL:     6   Next: 86%
Magic:  10/10      EV: 14    Int: 14    God:
Gold:   192        SH:  0    Dex: 19    Spells: 9/9 levels left

rFire   . . .      SeeInvis .   Y - +0 hand axe (chaos)
rCold   . . .      Faith    .   (no shield)
rNeg    . . .      Spirit   .   k - +0 ring mail
rPois   .          Reflect  .   (helmet restricted)
rElec   +          Harm     .   (no cloak)
rCorr   .          Rampage  .   b - +0 pair of gloves
Will    .....                   (boots unavailable)
Stlth   +.........              (no amulet)
HPRegen 0.12/turn               i - +6 ring of dexterity
MPRegen 0.12/turn               (no ring)

@: flying quickly and evasively, slowed, very slow
A: beak, talons 3, nimble flight, claws 1, electricity resistance
a: no special abilities


You were on level 4 of the Dungeon.
You visited 1 branch of the dungeon, and saw 4 of its levels.
You also visited: Ossuary.

You collected 249 gold pieces.
You spent 57 gold pieces at shops.


Innate Abilities, Weirdness & Mutations

You have a beak for a mouth.
You have claws for feet.
Your magical nature lets you fly swiftly and evasively.
You have sharp fingernails.
You are resistant to electric shocks. (rElec)


   Skills:
 - Level 3.0 Fighting
 + Level 7.0 Axes
 - Level 1.0 Throwing
 - Level 1.1 Armour
 - Level 3.1 Dodging
 - Level 2.0 Spellcasting
 - Level 2.4 Translocations


You had 9 spell levels left.
You didn't know any spells.
Your spell library contained the following spells:

 Spells                   Type           Power      Damage    Failure   Level
 Blink                    Tloc           16%        N/A       28%         2
 Gell's Gravitas          Tloc           8%         N/A       50%         3
 Lesser Beckoning         Tloc           8%         N/A       50%         3
 Teleport Other           Tloc           8%         N/A       50%         3
 Manifold Assault         Tloc           8%         N/A       99%         5

Inventory:

Hand Weapons
 n - a +1 flail of holy wrath
 Y - a +0 hand axe of chaos (weapon)
Armour
 b - a +0 pair of gloves (worn)
 k - a +0 ring mail (worn)
Jewellery
 h - a ring of ice
 i - a +6 ring of dexterity (left hand)
Scrolls
 a - 3 scrolls of teleportation
 v - a scroll of identify
Potions
 c - a potion of cancellation
 d - a potion of resistance
 e - a potion of degeneration {unknown}
 f - a potion of ambrosia {unknown}
 g - 3 potions of mutation
 l - a potion of flight {unknown}
 m - a potion of attraction {unknown}
 o - 2 potions of haste
 p - a potion of heal wounds {unknown}
 q - 2 potions of curing
 s - a potion of lignification {unknown}

Dungeon Overview and Level Annotations

Branches:
Dungeon (4/15)            Ossuary (visited)
 Temple: D:4-7

Altars:
Cheibriados
Wu Jian
Xom

Shops:
D:2 *   D:3 :

Annotations:
D:4 Natasha, Pikel


Message History

A lemure comes into view.
3870 ||| Stepping ~*~*~tactically~*~*~ (hiding).
You start waiting.
There are monsters nearby!
You hit the lemure.
The lemure convulses.
The lemure is heavily wounded.
The lemure hits you!
Natasha casts a spell.
The lemure hits you!
You closely miss the lemure. Your kick misses the lemure.
Your peck misses the lemure.
The lemure is heavily wounded.
The lemure closely misses you.
You hit the lemure. You burn the lemure. Your kick misses the lemure.
You peck the lemure.
The lemure is almost dead.
You hit Pikel but do no damage. You barely miss Natasha.
Natasha barely misses you.
Pikel hits you with a +2 whip of freezing.
Pikel freezes you.
You hit Pikel but do no damage.
Pikel appears confused.
You closely miss Natasha. Natasha misses you.
Pikel shouts, "What's happening?!"
Pikel misses Natasha.
Pikel hits himself but does no damage.
The shadow imp shouts, "Scamper away, thou lumpish hell-hated mammet!"
Natasha claws you.
You strike the helpless Pikel from behind!
You hit Pikel but do no damage. You peck Pikel, but do no damage.
You hit Natasha. Natasha closely misses you.
Pikel mumbles something.
Pikel drinks a potion.
Pikel suddenly seems more resistant.
You hit Natasha.
Natasha's magic leaks into the air.
Your kick misses Natasha. You peck Natasha.
Natasha is moderately wounded.
You barely miss Pikel.
Natasha's magic is no longer disrupted.
Natasha barely misses you.
Pikel hits you with a +2 whip of freezing!
You die...

# ####.#
#......
##.......
##555....h
##hK#
##.@#.......
##..##.5.....
##..## .......
#..## ...K.55
##..# ....5.(
# ##%.##
.......
..####..####
#......
.......#...##
.###..#.....##


You could see Pikel (resistant, confused), 2 lemures, Natasha and a shadow imp
(summoned).

Vanquished Creatures
  A necrophage (D:4)
  An orc priest (D:3)
  A human zombie (Ossuary)
  Jessica (D:2)
  2 hound zombies (Ossuary)
  5 mummies (Ossuary)
  7 adders
  3 worms
  3 dart slugs
  5 orcs
  5 bats
  6 endoplasms
  3 giant cockroaches
  A gnoll zombie (Ossuary)
  9 goblins
  9 hobgoblins
  4 jackals (D:2)
  6 ball pythons
  3 frilled lizards (D:2)
  2 goblin zombies (Ossuary)
  2 hobgoblin zombies (Ossuary)
  A jackal zombie (Ossuary)
  6 kobolds
  A kobold zombie (Ossuary)
  8 rats
  4 rat zombies
99 creatures vanquished.

Notes
Turn   | Place    | Note
-------+----------+-------------------------------------------
     0 | D:1      | qw the Tengu Warper began the quest for the Orb.
     0 | D:1      | Reached XP level 1. HP: 12/12 MP: 4/4
     0 | D:1      | 0 ||| qw: Version: 0.1-a-89-g26bdef1
     0 | D:1      | 0 ||| qw: Game counter: 2330
     0 | D:1      | 0 ||| qw: Always use a shield: true
     0 | D:1      | 0 ||| qw: God list: Okawaru
     0 | D:1      | 0 ||| qw: Allow faded altars: false
     0 | D:1      | 0 ||| qw: Do Orc after D:15 true
     0 | D:1      | 0 ||| qw: Do second Lair branch before Depths: true
     0 | D:1      | 0 ||| qw: Lair rune preference: random
     0 | D:1      | 0 ||| qw: Plans: Normal
     0 | D:1      | 0 ||| PLANNING D:1-11
   130 | D:1      | Reached XP level 2. HP: 17/17 MP: 6/6
   134 | D:1      | Reached skill level 3 in Axes
   188 | D:1      | Found a faded altar of an unknown god.
   418 | D:1      | 418 ||| DROPPING +0 club.
   609 | D:1      | 609 ||| UPGRADING to +0 ring mail.
   619 | D:1      | 619 ||| DROPPING +0 leather armour.
   620 | D:1      | 620 ||| READING scroll labelled KIRUCO KYDD.
   621 | D:1      | 621 ||| READING scroll labelled MUMEBANLIS.
   622 | D:1      | 622 ||| READING scroll labelled HEOSICZ INOL.
   623 | D:1      | 623 ||| DRINKING 2 viscous green potions.
   623 | D:1      | Gained mutation: You are resistant to electric shocks.
                  | (rElec) [potion of mutation]
   623 | D:1      | Gained mutation: You have sharp fingernails. [potion of
                  | mutation]
   624 | D:1      | 624 ||| DROPPING scroll of blinking.
   754 | D:2      | Found Atugorrebua's Assorted Antiques.
   765 | D:2      | 765 ||| SHOPLISTING embroidered robe (77 gold, have 71).
   765 | D:2      | 765 ||| BUYING glowing purple potion (18 gold).
   765 | D:2      | Bought a glowing purple potion for 18 gold pieces
   765 | D:2      | 765 ||| SHOPLISTING glowing war axe (136 gold, have 53).
   765 | D:2      | 765 ||| BUYING metallic blue potion (18 gold).
   765 | D:2      | Bought a metallic blue potion for 18 gold pieces
   765 | D:2      | 765 ||| BUYING scroll labelled UNE XOJYSEPPE (21 gold).
   765 | D:2      | Bought a scroll labelled UNE XOJYSEPPE for 21 gold pieces
   765 | D:2      | 765 ||| SHOPLISTING scroll of identify (42 gold, have 14).
   765 | D:2      | 765 ||| SHOPLISTING smoky brown potion (18 gold, have 14).
   788 | D:2      | 788 ||| Stepping ~*~*~tactically~*~*~ (stealth).
   797 | D:2      | Reached XP level 3. HP: 19/21 MP: 7/7
   809 | D:2      | Reached skill level 4 in Axes
   891 | D:2      | 891 ||| Stepping ~*~*~tactically~*~*~ (stealth).
   953 | D:2      | 953 ||| Stepping ~*~*~tactically~*~*~ (stealth).
   963 | D:2      | 963 ||| Stepping ~*~*~tactically~*~*~ (stealth).
   975 | D:2      | 975 ||| Stepping ~*~*~tactically~*~*~ (stealth).
   985 | D:2      | 985 ||| Stepping ~*~*~tactically~*~*~ (stealth).
  1002 | D:2      | 1002 ||| FLEEEEING.
  1003 | D:2      | 1003 ||| FLEEEEING.
  1004 | D:2      | 1004 ||| FLEEEEING.
  1005 | D:2      | 1005 ||| FLEEEEING.
  1006 | D:2      | 1006 ||| FLEEEEING.
  1007 | D:2      | 1007 ||| FLEEEEING.
  1008 | D:2      | 1008 ||| FLEEEEING.
  1009 | D:2      | 1009 ||| FLEEEEING.
  1010 | D:2      | 1010 ||| FLEEEEING.
  1014 | D:2      | 1014 ||| FLEEEEING.
  1015 | D:2      | 1015 ||| FLEEEEING.
  1016 | D:2      | 1016 ||| FLEEEEING.
  1017 | D:2      | 1017 ||| FLEEEEING.
  1029 | D:2      | 1029 ||| FLEEEEING.
  1030 | D:2      | 1030 ||| FLEEEEING.
  1032 | D:2      | 1032 ||| FLEEEEING.
  1033 | D:2      | 1033 ||| FLEEEEING.
  1034 | D:2      | 1034 ||| FLEEEEING.
  1035 | D:2      | 1035 ||| FLEEEEING.
  1036 | D:2      | 1036 ||| FLEEEEING.
  1037 | D:2      | 1037 ||| FLEEEEING.
  1038 | D:2      | 1038 ||| FLEEEEING.
  1039 | D:2      | 1039 ||| FLEEEEING.
  1041 | D:2      | 1041 ||| FLEEEEING.
  1042 | D:2      | 1042 ||| FLEEEEING.
  1043 | D:2      | 1043 ||| FLEEEEING.
  1044 | D:2      | 1044 ||| FLEEEEING.
  1045 | D:2      | 1045 ||| FLEEEEING.
  1046 | D:2      | 1046 ||| FLEEEEING.
  1047 | D:2      | 1047 ||| FLEEEEING.
  1048 | D:2      | 1048 ||| FLEEEEING.
  1049 | D:2      | 1049 ||| FLEEEEING.
  1050 | D:2      | 1050 ||| FLEEEEING.
  1196 | D:2      | 1196 ||| Stepping ~*~*~tactically~*~*~ (stealth).
  1198 | D:2      | 1198 ||| Stepping ~*~*~tactically~*~*~ (stealth).
  1209 | D:2      | Reached XP level 4. HP: 26/26 MP: 8/8
  1306 | D:2      | Noticed Jessica
  1311 | D:2      | Killed Jessica
  1312 | D:2      | Reached skill level 5 in Axes
  1591 | D:2      | 1591 ||| Stepping ~*~*~tactically~*~*~ (stealth).
  1706 | D:2      | 1706 ||| Stepping ~*~*~tactically~*~*~ (stealth).
  1969 | D:2      | Gained mutation: Your magical nature lets you fly swiftly
                  | and evasively. [Tengu growth]
  1969 | D:2      | Reached XP level 5. HP: 30/30 MP: 9/9
  2056 | D:2      | 2056 ||| DROPPING amulet of faith.
  2057 | D:2      | 2057 ||| DROPPING ring of magical power.
  2058 | D:2      | 2058 ||| READING scroll labelled KUOSTO XUDD.
  2059 | D:2      | 2059 ||| READING scroll labelled UNE XOJYSEPPE.
  2060 | D:2      | 2060 ||| READING scroll labelled UQOG WALATEN.
  2061 | D:2      | 2061 ||| READING scroll labelled GIOSOUNOIT.
  2062 | D:2      | 2062 ||| DRINKING 2 fizzy green potions.
  2063 | D:2      | 2063 ||| DROPPING potion of magic.
  2086 | D:3      | Found a snail-covered altar of Cheibriados.
  2107 | D:3      | 2107 ||| Stepping ~*~*~tactically~*~*~ (stealth).
  2119 | D:3      | Found Wierea's Book Shop.
  2128 | D:3      | 2128 ||| UPGRADING to +0 pair of gloves.
  2144 | D:3      | 2144 ||| Stepping ~*~*~tactically~*~*~ (stealth).
  2146 | D:3      | 2146 ||| Stepping ~*~*~tactically~*~*~ (stealth).
  2296 | D:3      | 2296 ||| Stepping ~*~*~tactically~*~*~ (hiding).
  2335 | D:3      | Found an ornate altar of the Wu Jian Council.
  2563 | D:3      | Reached skill level 6 in Axes
  2565 | D:3      | 2565 ||| FLEEEEING.
  2566 | D:3      | 2566 ||| FLEEEEING.
  2568 | D:3      | 2568 ||| FLEEEEING.
  2570 | D:3      | 2570 ||| FLEEEEING.
  2572 | D:3      | 2572 ||| FLEEEEING.
  2574 | D:3      | 2574 ||| FLEEEEING.
  2578 | D:3      | 2578 ||| FLEEEEING.
  2580 | D:3      | 2580 ||| FLEEEEING.
  2582 | D:3      | 2582 ||| FLEEEEING.
  2584 | D:3      | 2584 ||| FLEEEEING.
  2586 | D:3      | 2586 ||| FLEEEEING.
  2588 | D:3      | 2588 ||| FLEEEEING.
  2590 | D:3      | 2590 ||| FLEEEEING.
  2592 | D:3      | 2592 ||| FLEEEEING.
  2594 | D:3      | 2594 ||| FLEEEEING.
  2596 | D:3      | 2596 ||| FLEEEEING.
  2598 | D:3      | 2598 ||| FLEEEEING.
  2601 | D:3      | Found a shimmering altar of Xom.
  2808 | D:3      | 2808 ||| DROPPING +0 whip.
  2948 | D:3      | 2948 ||| UPGRADING to +6 ring of dexterity.
  2949 | D:3      | 2949 ||| READING 5 scrolls labelled QAFRUI EBBIE.
  2979 | D:4      | 2979 ||| PLANNING OSSUARY
  2985 | D:4      | 2985 ||| STAIRDANCE
  2993 | D:4      | 2993 ||| Stepping ~*~*~tactically~*~*~ (stealth).
  3099 | D:4      | Found a sand-covered staircase.
  3100 | D:4      | 3100 ||| DRINKING 2 glowing purple potions.
  3113 | Ossuary  | Entered an ossuary
  3122 | Ossuary  | Reached skill level 3 in Dodging
  3122 | Ossuary  | Reached XP level 6. HP: 22/35 MP: 10/10
  3575 | Ossuary  | Reached skill level 7 in Axes
  3600 | Ossuary  | 3600 ||| READING 2 scrolls labelled SITWUKI YTUJUI.
  3601 | Ossuary  | 3601 ||| READING scroll labelled XOTZUSH HOCORPH.
  3602 | Ossuary  | 3602 ||| DRINKING 3 viscous golden potions.
  3603 | Ossuary  | 3603 ||| DRINKING 3 red potions.
  3604 | Ossuary  | 3604 ||| DRINKING 2 viscous orange potions.
  3605 | Ossuary  | 3605 ||| DROPPING potion of brilliance.
  3606 | Ossuary  | 3606 ||| DROPPING scroll of immolation.
  3607 | Ossuary  | 3607 ||| READING 4 scrolls of teleportation.
  3617 | D:4      | 3617 ||| PLANNING D:1-11
  3855 | D:4      | Reached skill level 3 in Fighting
  3867 | D:4      | Noticed Natasha
  3867 | D:4      | Noticed Pikel
  3868 | D:4      | 3868 ||| Stepping ~*~*~tactically~*~*~ (stealth).
  3870 | D:4      | 3870 ||| Stepping ~*~*~tactically~*~*~ (hiding).
  3878 | D:4      | Slain by Pikel

Levels and vault maps discovered:
D:1:      dpeg_arrival_rhombi, layout_loops_ring,
          hellmonk_ecumenical_altar_run_dry, minmay_three_crescents
D:2:      minmay_recursive_quarters, layout_loops_corners, serial_shops,
          nicolae_shop_trees, uniq_jessica
D:3:      layout_rooms, mainiacjoe_overflow_cross_hatched,
          nzn_wu_jian_council_hall, mainiacjoe_overflow_concentric_impassable,
          serial_shops, shop
D:4:      layout_cave_pods, enter_ossuary_4, uniq_pikel, uniq_natasha

Skill      XL: |  1  2  3  4  5  6 |
---------------+-------------------+-----
Axes           | 3 4 5 6 7 |  7.0
Dodging        | 3 |  3.1
Fighting       | 3 |  3.0
Throwing       | |  1.0
Armour         | |  1.1
Spellcasting   | |  2.0
Translocations | |  2.4

Action                   |  1- 3 |  4- 6 || total
-------------------------+-------+-------++-------
Melee: Hand axe          |    73 |   145 ||   218
       Peck              |    14 |    32 ||    46
       Kick              |    14 |    43 ||    57
       Punch             |       |     2 ||     2
Throw: Boomerang         |     7 |       ||     7
       Javelin           |    13 |    29 ||    42
  Use: Scroll            |     3 |     8 ||    11
       Potion            |     1 |     5 ||     6
 Stab: Petrifying        |       |     2 ||     2
       Confused          |       |     1 ||     1
       Petrified         |       |     1 ||     1
Armor: Leather armour    |     2 |       ||     2
       Ring mail         |    20 |    15 ||    35
Dodge: Dodged            |    29 |    73 ||   102

Table legend:
 A = Non-vault XP
 B = Vault XP
 C = Vault XP percentage of total XP
 D = Non-vault monster count
 E = Vault monster count
 F = Vault count percentage of total count
                 A         B        C        D         E       F
            +---------+---------+-------+---------+---------+-------
      Total |     314 |     264 |  45.7 |      65 |      34 |  34.3
            +---------+---------+-------+---------+---------+-------
        D:1 |      17 |       9 |  34.6 |       9 |       6 |  40.0
        D:2 |      71 |      72 |  50.3 |      28 |       9 |  24.3
        D:3 |     108 |       0 |   0.0 |      17 |       0 |   0.0
        D:4 |     118 |       2 |   1.7 |      11 |       2 |  15.4
    Ossuary |       0 |     181 | 100.0 |       0 |      17 | 100.0
            +---------+---------+-------+---------+---------+-------
